 Dungeon Crawl Stone Soup version 0.18.1-48-g4cf74bf (webtiles) character file.

230 tyranidshit the Skirmisher (level 5, -1/52 HPs)
             Began as a Deep Dwarf Necromancer on July 20, 2016.
             Slain by an iguana (10 damage)
             ... on level 4 of the Dungeon.
             The game lasted 00:09:31 (2684 turns).

tyranidshit the Skirmisher (Deep Dwarf Necromancer) Turns: 2684, Time: 00:09:32

Health: -1/52      AC:  9    Str: 12    XL:     5   Next: 72%
Magic:  5/5        EV:  9    Int: 16    God:
Gold:   147        SH:  0    Dex: 13    Spells: 1 memorised, 6 levels left

rFire  . . .     SeeInvis .     t - +0 war axe
rCold  + . .     Gourm    .     i - +0 scale mail
rNeg   + . .     Faith    .     (no shield)
rPois  .         Spirit   .     l - +1 helmet
rElec  .         Dismiss  .     (no cloak)
rCorr  .         Reflect  .     (no gloves)
SustAt .         Harm     .     e - +0 pair of boots
MR     .....                    (no amulet)
Stlth  +.........               j - ring of positive energy
                                h - ring of protection from cold

@: non-regenerating, not resistant to hostile enchantments, very unstealthy
A: damage resistance, recharge devices, sense surroundings 1, slow regeneration
3
a: Device Recharging


You were on level 4 of the Dungeon.
You were not hungry.

You visited 1 branch of the dungeon, and saw 4 of its levels.

You collected 147 gold pieces.

Inventory:

Hand Weapons
 f - a +0 blowgun
 t - a +0 war axe (weapon)
Missiles
 k - 4 poisoned needles
 m - 4 needles of paralysis (quivered)
 r - 7 needles of confusion
Armour
 e - a +0 pair of boots (worn)
 i - a +0 scale mail (worn)
 l - a +1 helmet (worn)
Jewellery
 h - a ring of protection from cold (left hand)
 j - a ring of positive energy (right hand)
 q - a -2 ring of slaying
 w - an uncursed ring of fire
Wands
 c - a wand of heal wounds (3/9)
Scrolls
 a - a scroll of remove curse
 d - a scroll of fear {unknown}
 n - a scroll of teleportation
 o - a scroll of enchant armour
 v - a scroll of immolation {unknown}
 y - a scroll of fog {unknown}
 A - a scroll of blinking {unknown}
Potions
 g - 2 potions of curing
 p - a potion of haste
 u - a potion of mutation {unknown}
 x - 3 potions of agility
 z - a potion of degeneration {unknown}
Books
 b - a book of Necromancy

   Spells                             Type                      Level
   a - Pain                           Necromancy                   1
   b - Animate Skeleton               Necromancy                   1
   c - Vampiric Draining              Necromancy                   3
   d - Regeneration                   Charms/Necromancy            3
   e - Animate Dead                   Necromancy                   4
   f - Control Undead                 Necromancy                   4
Comestibles
 s - a meat ration


   Skills:
 + Level 5.1 Fighting
 - Level 2.1 Dodging
 - Level 2.4 Stealth
 - Level 1.7 Spellcasting
 - Level 4.3 Necromancy


You had 6 spell levels left.
You knew the following spells:

 Your Spells              Type           Power        Failure   Level  Hunger
a - Pain                  Necr           ###.         21%         1    ##.....


Dungeon Overview and Level Annotations

Branches:
Dungeon (4/15)
 Temple: D:4-7

Altars:
Ashenzari
Elyvilon
Qazlal
Zin
The Shining One


Innate Abilities, Weirdness & Mutations

You are resistant to damage.
You can recharge devices by infusing magical energy.
You passively map a small area around you.
You do not regenerate naturally.


Message History

Evoke which item? (* to show all) (? for menu, Esc to quit)
Okay, then.
Charge which item? (? for menu, Esc to quit)
Your wand of heal wounds (0/9) glows for a moment and now has 4 charges.
The iguana bites you.
* * * LOW HITPOINT WARNING * * *
Evoke which item? (* to show all) (? for menu, Esc to quit)
Zapping:
c - a wand of heal wounds (4/9)
Press: ? - help, Shift-Dir - straight line, f - you You feel much better.
This wand has 3 charges left.
The iguana barely misses you.
You hit the iguana but do no damage. The iguana bites you!
You barely miss the iguana. The iguana bites you!
* * * LOW HITPOINT WARNING * * *
The iguana bites you.
You closely miss the iguana. The iguana closely misses you.
You hit the iguana but do no damage.
The iguana bites you but does no damage. x2
You barely miss the iguana. The iguana bites you!
You die...

, ,*
#.###.##.#.#####.
, #.....##.#.# ,
,* #.###.##.#.# ,
* ##.###.##.#.# *
#...##.##.... ,
#.###.#.##.### ,
..# ##..##.###$.
, #.# ##.##.....#
#.* #.@l..#, #,
#.###...# * #.##
## #.# ..# ###


You could see an iguana.

Vanquished Creatures
  A centaur skeleton (D:4)
  A worker ant (D:4)
  Robin (D:2)
  4 gnolls (D:2)
  2 adders
  2 oozes
  3 worms
  3 dart slugs
  4 giant geckos
  5 orcs (D:3)
  A ball python (D:2)
  4 giant cockroaches
  8 goblins
  3 hobgoblins
  14 kobolds
  4 quokkas
  7 bats
  2 giant newts
  11 rats
80 creatures vanquished.

Notes
Turn   | Place    | Note
--------------------------------------------------------------
     0 | D:1      | tyranidshit the Deep Dwarf Necromancer began the quest for the Orb.
     0 | D:1      | Reached XP level 1. HP: 15/15 MP: 3/3
    42 | D:1      | Reached skill level 1 in Fighting
    69 | D:1      | Reached XP level 2. HP: 21/25 MP: 0/4
   252 | D:1      | Reached skill level 2 in Fighting
   352 | D:1      | Reached XP level 3. HP: 28/33 MP: 1/5
   746 | D:2      | Reached skill level 3 in Fighting
   839 | D:2      | Noticed Robin
   872 | D:2      | Killed Robin
   872 | D:2      | Reached XP level 4. HP: 25/42 MP: 6/6
  1226 | D:2      | Reached skill level 4 in Fighting
  1607 | D:3      | Reached XP level 5. HP: 16/51 MP: 6/6
  1759 | D:3      | Found a stormy altar of Qazlal.
  2189 | D:3      | Found a shattered altar of Ashenzari.
  2602 | D:4      | Found a glowing silver altar of Zin.
  2603 | D:4      | Found a white marble altar of Elyvilon.
  2605 | D:4      | Found a glowing golden altar of the Shining One.
  2670 | D:4      | Reached skill level 5 in Fighting
  2684 | D:4      | Slain by an iguana

Skill      XL: |  1  2  3  4  5 |
---------------+----------------+-----
Fighting       | 1 2 3 4 5 |  5.1
Dodging        | |  2.1
Stealth        | |  2.4
Spellcasting   | |  1.7
Necromancy     | |  4.3

Action                   |  1- 3 |  4- 6 || total
-------------------------+-------+-------++-------
Melee: Whip              |   125 |    86 ||   211
       Unarmed           |     3 |       ||     3
       Halberd           |       |    31 ||    31
       War axe           |       |   105 ||   105
 Cast: Pain              |    29 |     1 ||    30
 Abil: Device Recharging |       |     2 ||     2
Evoke: Wand              |     2 |     9 ||    11
  Use: Scroll            |     1 |     5 ||     6
       Potion            |       |     4 ||     4
 Stab: Sleeping          |     1 |       ||     1
  Eat: Bread ration      |     1 |     1 ||     2
Armor: Robe              |    15 |       ||    15
       Scale mail        |    53 |   132 ||   185
Dodge: Dodged            |   107 |   162 ||   269
